 Dungeon Crawl Stone Soup version 0.26-a0-852-g6321bf7485 (webtiles) character file.

Game seed: 13708866528543501285

21049 marklar909 the Grappler (level 12, -15/114 HPs)
             Began as a Troll Monk on Nov 22, 2020.
             Was an Elder of Qazlal.
             Demolished by dolemite99's ghost (23 damage)
             ... on level 1 of the Lair of Beasts.
             The game lasted 00:16:23 (10059 turns).

marklar909 the Grappler (Troll Monk)               Turns: 10059, Time: 00:16:24

Health: -15/114    AC: 18    Str: 28    XL:     12   Next: 50%
Magic:  0/25       EV: 13    Int:  6    God:    Qazlal [****..]
Gold:   616        SH: 16    Dex: 16    Spells: 11/11 levels left

rFire    . . .     SeeInvis +     - Unarmed
rCold    . . .     Faith    .   E - +0 kite shield
rNeg     . . .     Spirit   +   F - +0 acid dragon scales (curse)
rPois    .         Reflect  .   J - +0 hat "Veythrei" {rElec rCorr Str+5 Dex-3} (curse)
rElec    +         Harm     .   r - +2 cloak
rCorr    +         Rampage  .   (gloves unavailable)
MR       .....                  (boots unavailable)
Stlth    +.........             v - amulet of Loquz {Spirit MP+9 Slay+3}
HPRegen  0.69/turn              f - +4 ring of protection
MPRegen  0.19/turn              j - ring of see invisible

@: lethally poisoned (-15 -> -21), repel missiles
A: large, unfitting armour, claws 3, talons 1, agile 2, regeneration 1,
screaming 1, shaggy fur 1, tough skin 3, MP-powered wands
a: Upheaval, Elemental Force, Renounce Religion


You were on level 1 of the Lair of Beasts.
You worshipped Qazlal.
Qazlal was greatly pleased with you.
You visited 2 branches of the dungeon, and saw 12 of its levels.
You also visited: Gauntlet.

You collected 616 gold pieces.

Inventory:

Missiles
 w - 10 large rocks (quivered)
 L - 21 javelins
Armour
 a - a +0 robe
 r - a +2 cloak (worn)
 E - a +0 kite shield (worn)
 F - cursed +0 acid dragon scales (worn)
 J - the cursed +0 hat "Veythrei" (worn) {rElec rCorr Str+5 Dex-3}
   (You found it in a Gauntlet)

   It affects your strength (+5).
   It affects your dexterity (-3).
   It insulates you from electricity.
   It provides partial protection from all sources of acid and corrosion.
   It has a curse placed upon it.
 K - the +2 hat "Kiokh" {Str+6}
   (You found it in a Gauntlet)

   It affects your strength (+6).
Jewellery
 f - a +4 ring of protection (left claw)
 j - a ring of see invisible (right claw)
 o - an uncursed ring of protection from magic
 s - a +6 ring of strength {unknown}
 v - the amulet of Loquz (around neck) {Spirit MP+9 Slay+3}
   (You found it on level 6 of the Dungeon)

   [amulet of guardian spirit]

   It causes incoming damage to be split between your health and magic.
   It affects your accuracy and damage with ranged weapons and melee attacks
   (+3).
   It affects your magic capacity (+9).
 D - an uncursed ring of resist corrosion {unknown}
 G - an uncursed ring of flight {unknown}
Wands
 k - a wand of acid (14)
 l - a wand of enslavement (15)
 q - a wand of digging (14)
 x - a wand of polymorph (29)
 y - a wand of flame (28)
Scrolls
 g - 5 scrolls of teleportation
 i - 5 scrolls of identify
 p - 5 scrolls of magic mapping
 t - 2 scrolls of remove curse
 z - a scroll of fog
 B - 3 scrolls of fear
 M - 2 scrolls of enchant weapon {unknown}
Potions
 b - 3 potions of curing
 c - 6 potions of brilliance
 d - 2 potions of attraction
 e - 3 potions of mutation
 h - 8 potions of ambrosia
 m - 2 potions of flight
 n - a potion of cancellation
 u - a potion of lignification {unknown}
 A - a potion of resistance {unknown}
 C - 2 potions of might
 H - 3 potions of heal wounds {unknown}
 I - a potion of degeneration {unknown}


   Skills:
 * Level 6.3 Fighting
 * Level 4.7 Armour
 * Level 8.0 Dodging
 + Level 2.3 Stealth
 + Level 5.8 Shields
 + Level 12.6 Unarmed Combat
 * Level 7.2 Invocations


You had 11 spell levels left.
You didn't know any spells.
Your spell library was empty.

Dungeon Overview and Level Annotations

Branches:
Dungeon (11/15)            Temple (0/1) D:4            Lair (1/6) D:9
    Orc (0/2) D:9         Gauntlet (visited)

Altars:
Ashenzari
Cheibriados
Elyvilon
Fedhas
Gozag
Makhleb
Qazlal
Ru
Sif Muna
Trog
Xom
Yredelemnul

Shops:
D:9 [

Annotations:
Lair:1 1 transporter, dolemite99's ghost, journeyman TrCK


Innate Abilities, Weirdness & Mutations

You are too large for most types of armour.
You have claws for hands.
Your natural rate of healing is unusually fast.
You are covered in fur. (AC +1)
You have extremely tough skin. (AC +3)
You have sharp toenails.
You are very agile. (Dex +4)
You occasionally shout uncontrollably at your foes.
You expend magic power (3 MP) to strengthen your wands.


Message History

You are more poisoned.
The killer bee poisons you!
You can move again.
As you read the scroll of fear, it crumbles to dust.
You assume a fearsome visage.
The hornet looks frightened!
Dolemite99's ghost is unaffected.
The killer bee looks frightened!
You feel yourself speed up.
You feel very sick.
The killer bee is engulfed in freezing vapours.
You block the killer bee's attack. x2
The killer bee is engulfed in freezing vapours.
The killer bee stings you.
* * * LOW HITPOINT WARNING * * *
The killer bee closely misses you.
The killer bee is engulfed in freezing vapours.
You kill the killer bee!
Qazlal accepts your kill.
The killer bee stings you but does no damage.
Dolemite99's ghost hits you!!
You die...

##..#...#########..#...# #..≈≈≈≈
#P.##..###!# #.###.....# #..≈≈P≈
#..##..##...#...##.#...# #..P.PP
#P.##..##.#####.##.##### #......
##.###.##.!.#...##.##### #......
#.....#y#y# #[#.#.P##.###......
#.....#y.#. .#..#..............
#....©#y.#.#.#W°#©.............
#.....#y.#...#@y#..............
##.....#)#.#.#y#y#..............
#......##...#..y##.#####.....##.
##..#..##.#.###.##......#....###
##.###.##y..#...##...........##.
#..###.###.# #.###......#....#P.
##..##..#########............##.
#..####..###.###.............P#.
##..# ##................#....##.


You could see a hornet (fleeing), 2 killer bees and dolemite99's ghost.

Vanquished Creatures
  A minotaur (Gauntlet)
  A hydra (D:11)
  2 two-headed ogres
  A fire crab (Gauntlet)
  An unseen horror (D:11)
  Pikel (D:8)
  A shining eye (Gauntlet)
  A cyclops (D:8)
  Joseph (D:8)
  A centaur zombie (D:11)
  A worldbinder (Gauntlet)
  A black mamba (Lair:1)
  2 kobold demonologists (D:11)
  Maggie (D:8)
  A komodo dragon (D:9)
  2 queen bees
  3 hornets
  2 polar bears (D:10)
  A slime creature (D:11)
  Sigmund (D:6)
  A wyvern (D:9)
  24 yaks
  3 fire bats (Gauntlet)
  A wraith (D:11)
  Grum (D:10)
  A golden eye (Gauntlet)
  A basilisk (Lair:1)
  4 wargs (D:9)
  2 hell hounds (Gauntlet)
  A floating eye (Gauntlet)
  4 water moccasins
  4 ogres
  5 ice beasts
  An orc warrior (D:9)
  A sky beast (D:10)
  6 wolves (D:10)
  2 boggarts (Gauntlet)
  A centaur (D:10)
  A lemure (D:8)
  4 big kobolds (D:11)
  11 bullfrogs
  A wyvern zombie (D:8)
  2 scorpions
  27 killer bees
  12 wights
  An electric eel (Lair:1)
  A quasit (D:11)
  A bullfrog zombie (D:7)
  3 hounds
  5 jellies
  An orc priest (D:3)
  Crazy Yiuf (D:3)
  3 bullfrog skeletons
  5 orc wizards
  A centaur skeleton (D:4)
  An iguana (D:11)
  5 worker ants
  3 killer bee zombies
  3 hound skeletons
  Robin (D:3)
  14 adders
  7 gnolls
  A river rat (D:5)
  A shadow imp (D:5)
  4 white imps
  2 ufetubi (D:10)
  5 oozes (D:11)
  2 worms (D:5)
  An adder skeleton (D:7)
  2 dart slugs
  4 leopard geckos
  20 orcs
  2 ball pythons
  4 bats
  6 giant cockroaches
  12 goblins
  8 hobgoblins
  10 jackals
  6 quokkas
  3 frilled lizards
  9 kobolds
  2 leopard gecko skeletons
  4 quokka skeletons
  9 rats
320 creatures vanquished.

Vanquished Creatures (collateral kills)
  A hydra (Lair:1)
  An orc (D:11)
2 creatures vanquished.

Vanquished Creatures (others)
  25 demonic plants (Gauntlet)
  4 fungi
  6 plants
35 creatures vanquished.

Grand Total: 357 creatures vanquished

Notes
Turn   | Place    | Note
-------+----------+-------------------------------------------
     0 | D:1      | marklar909 the Troll Monk began the quest for the Orb.
     0 | D:1      | Reached XP level 1. HP: 22/22 MP: 0/0
    97 | D:1      | Reached XP level 2. HP: 29/29 MP: 1/1
   571 | D:2      | Found a faded altar of an unknown god.
   573 | D:2      | Reached XP level 3. HP: 36/36 MP: 2/2
   601 | D:2      | Became a worshipper of Qazlal Stormbringer
   601 | D:2      | Reached * piety under Qazlal
   601 | D:2      | Reached ** piety under Qazlal
   630 | D:2      | You fall into a shaft and drop 1 floor!
   632 | D:3      | You fall into a shaft and drop 2 floors!
   632 | D:5      | Entered Level 5 of the Dungeon
   715 | D:4      | Reached *** piety under Qazlal
   721 | D:4      | Reached XP level 4. HP: 43/44 MP: 3/3
   802 | D:4      | Reached skill level 4 in Unarmed Combat
   984 | D:4      | Found a staircase to the Ecumenical Temple.
   988 | D:4      | Reached XP level 5. HP: 48/53 MP: 4/4
  1066 | D:4      | Found a shimmering altar of Xom.
  1824 | D:3      | Noticed Robin
  1853 | D:3      | Killed Robin
  2071 | D:3      | Reached skill level 5 in Unarmed Combat
  2072 | D:3      | Reached **** piety under Qazlal
  2152 | D:3      | Found a bloodstained altar of Trog.
  2318 | D:3      | Found a runed translucent door.
  2318 | D:3      | Noticed Crazy Yiuf
  2326 | D:3      | Killed Crazy Yiuf
  2327 | D:3      | Reached XP level 6. HP: 24/61 MP: 5/5
  2870 | D:5      | Reached skill level 1 in Shields
  3072 | D:6      | Found a shimmering blue altar of Sif Muna.
  3073 | D:6      | Found a white marble altar of Elyvilon.
  3082 | D:6      | Reached skill level 6 in Unarmed Combat
  3086 | D:6      | Got a brightly glowing bronze amulet
  3101 | D:6      | Identified the amulet of Loquz {Spirit MP+9 Slay+3} (You
                  | found it on level 6 of the Dungeon)
  3184 | D:6      | Reached XP level 7. HP: 67/67 MP: 6/6
  3311 | D:6      | Found a burning altar of Makhleb.
  3370 | D:6      | Noticed Sigmund
  3375 | D:6      | Killed Sigmund
  3376 | D:6      | Reached skill level 7 in Unarmed Combat
  3376 | D:6      | Reached skill level 1 in Invocations
  3800 | D:7      | Reached XP level 8. HP: 55/75 MP: 8/8
  3925 | D:7      | Reached skill level 8 in Unarmed Combat
  4345 | D:7      | Found a sacrificial altar of Ru.
  4346 | D:7      | Found a snail-covered altar of Cheibriados.
  4727 | D:8      | Noticed a cyclops
  4728 | D:8      | Noticed a two-headed ogre
  4751 | D:8      | Killed a two-headed ogre
  4752 | D:8      | Reached skill level 9 in Unarmed Combat
  4752 | D:8      | Reached XP level 9. HP: 59/84 MP: 5/10
  4768 | D:8      | Killed a cyclops
  4769 | D:8      | Reached skill level 5 in Dodging
  4905 | D:8      | Noticed Maggie
  4919 | D:8      | Killed Maggie
  4925 | D:8      | Reached skill level 10 in Unarmed Combat
  5014 | D:8      | Noticed Joseph
  5023 | D:8      | Killed Joseph
  5086 | D:8      | Noticed Pikel
  5104 | D:8      | Killed Pikel
  5105 | D:8      | Reached XP level 10. HP: 84/93 MP: 12/12
  5196 | D:8      | Found a basalt altar of Yredelemnul.
  5224 | D:8      | Found a blossoming altar of Fedhas.
  5224 | D:8      | Found a broken altar of Ashenzari.
  5235 | D:8      | Found an opulent altar of Gozag.
  5239 | D:8      | Found a stormy altar of Qazlal.
  5466 | D:9      | Found a staircase to the Orcish Mines.
  5475 | D:9      | Reached skill level 5 in Invocations
  5710 | D:9      | Found Ypuih's Antique Armour Shoppe.
  5720 | D:9      | Reached skill level 11 in Unarmed Combat
  6336 | D:9      | Found a staircase to the Lair.
  6341 | D:9      | Reached skill level 1 in Armour
  6714 | D:10     | Entered Level 10 of the Dungeon
  7071 | D:10     | Reached XP level 11. HP: 101/101 MP: 14/14
  7146 | D:10     | Noticed Grum
  7159 | D:10     | Killed Grum
  7160 | D:10     | Reached skill level 5 in Fighting
  7786 | D:11     | Noticed an unseen horror
  7801 | D:11     | Killed an unseen horror
  7803 | D:11     | Noticed an eight-headed hydra
  7890 | D:11     | Noticed a two-headed ogre
  7898 | D:11     | Killed a two-headed ogre
  7948 | D:11     | Killed an eight-headed hydra
  7949 | D:11     | Reached skill level 5 in Shields
  7949 | D:11     | Reached skill level 12 in Unarmed Combat
  8102 | D:11     | Found a gate leading to a gauntlet.
  8143 | Gauntlet | Entered a Gauntlet
  8143 | Gauntlet | Found a transporter.
  8143 | Gauntlet | Found a transporter.
  8143 | Gauntlet | Found a transporter.
  8145 | Gauntlet | Found a transporter.
  8146 | Gauntlet | Found a transporter.
  8151 | Gauntlet | Found a transporter.
  8156 | Gauntlet | Noticed a shining eye
  8159 | Gauntlet | Found a transporter.
  8161 | Gauntlet | Found a transporter.
  8161 | Gauntlet | Found a transporter.
  8163 | Gauntlet | Found a transporter.
  8169 | Gauntlet | Noticed a fire crab
  8170 | Gauntlet | Noticed an orange crystal statue
  8172 | Gauntlet | Found a transporter.
  8172 | Gauntlet | Found a transporter.
  8358 | Gauntlet | Got a translucent hat
  8364 | Gauntlet | Identified the cursed +0 hat "Veythrei" {rElec rCorr Str+5
                  | Dex-3} (You found it in a Gauntlet)
  8369 | Gauntlet | Gained mutation: Your magical capacity is low. (-10% MP) [a
                  | shining eye]
  8375 | Gauntlet | Gained mutation: You occasionally shout uncontrollably at
                  | your foes. [a shining eye]
  8378 | Gauntlet | Gained mutation: You are clumsy. (Dex -2) [a shining eye]
  8380 | Gauntlet | Killed a shining eye
  8401 | Gauntlet | Lost mutation: Your magical capacity is low. (-10% MP)
                  | [potion of mutation]
  8401 | Gauntlet | Lost mutation: You are clumsy. (Dex -2) [potion of
                  | mutation]
  8401 | Gauntlet | Gained mutation: You are agile. (Dex +2) [potion of
                  | mutation]
  8401 | Gauntlet | Gained mutation: You expend magic power (3 MP) to
                  | strengthen your wands. [potion of mutation]
  8401 | Gauntlet | Gained mutation: You are very agile. (Dex +4) [potion of
                  | mutation]
  8401 | Gauntlet | Gained mutation: You have sharp toenails. [potion of
                  | mutation]
  8420 | Gauntlet | Killed a fire crab
  8421 | Gauntlet | Reached XP level 12. HP: 100/113 MP: 16/16
  8426 | Gauntlet | Got a pitted hat
  8427 | Gauntlet | Identified the +2 hat "Kiokh" {Str+6} (You found it in a
                  | Gauntlet)
  8446 | Gauntlet | Identified the +7 short sword "Siuwnen" {drain, Dex+3}
  8446 | Gauntlet | Noticed a minotaur
  8466 | Gauntlet | Killed a minotaur
  9085 | Lair:1   | Entered Level 1 of the Lair of Beasts
  9107 | Lair:1   | Reached ***** piety under Qazlal
  9449 | Lair:1   | Noticed a five-headed hydra
  9457 | Lair:1   | Killed a six-headed hydra
  9709 | Lair:1   | Noticed dolemite99's ghost (journeyman TrCK)
  9714 | Lair:1   | Found a transporter.
  9717 | Lair:1   | Found a transporter.
 10058 | Lair:1   | Paralysed by a hornet for 1 turns
 10059 | Lair:1   | Demolished by dolemite99's ghost

Illustrated notes

Levels and vault maps discovered:
D:1:      dpeg_arrival_stonehenge_12_columns, layout_loops_ring
D:2:      layout_basic, chequers_ecumenical_altar_simple, uniq_natasha
D:3:      layout_rooms, trog_butcher_becter, uniq_crazy_yiuf_cottage, uniq_robin
D:4:      layout_cave_pods, temple_green, xom_teletrap_fun
D:5:      layout_loops_ring, gup_sewer_entry_spiral
D:6:      layout_loops_ring, bloody_makhleb, grunt_temple_overflow_open,
          uniq_sigmund
D:7:      minmay_skewed_foursquare, layout_loops_ring,
          gammafunk_temple_overflow_pools, serial_bayou_crossing
D:8:      layout_basic, minmay_overflow_temple_star_hex, uniq_joseph,
          uniq_pikel, uniq_maggie
D:9:      layout_loops_ring, david_lair_shrubbed, minmay_orc_entry_guard_dogs,
          serial_shops, shop_fountains, minmay_misc_feat_columns,
          hangedman_decor_peaks_small
D:10:     layout_stronghold, serial_ice, serial_ice_d, serial_ice_c,
          serial_ice_k, serial_ice_m, minivault_1, uniq_grum, uniq_harold
D:11:     layout_cave_pools, gauntlet_entry_generic, special_room
          [special_room_bee], hangedman_little_slice_of_home
Lair:1:   layout_regular_city, gammafunk_ghost_hive, serial_bayou_pond_b,
          st_stairs_6, infiniplex_staircase_pool_2, serial_bayou_shore_b,
          serial_bayou_shore_a

Skill      XL: |  1  2  3  4  5  6  7  8  9 10 11 12 |
---------------+-------------------------------------+-----
Dodging        | 3 4 5 6 7 8 |  8.0
Fighting       | 3 4 5 6 |  6.3
Unarmed Combat | 4 5 6 7 9 10 11 12 | 12.6
Shields        | 1 2 3 4 5 |  5.8
Invocations    | 1 3 4 5 6 7 |  7.2
Stealth        | 2 |  2.3
Armour         | 2 4 |  4.7

Action                   |  1- 3 |  4- 6 |  7- 9 | 10-12 || total
-------------------------+-------+-------+-------+-------++-------
Melee: Unarmed           |    64 |   213 |   198 |   431 ||   906
       Punch             |     2 |     6 |     7 |     8 ||    23
       Kick              |       |       |       |    55 ||    55
Throw: Large rock        |       |       |       |     1 ||     1
Invok: Upheaval          |       |       |     5 |     5 ||    10
       Elemental Force   |       |       |       |     2 ||     2
Evoke: Wand              |       |       |       |     2 ||     2
  Use: Scroll            |       |    13 |       |     8 ||    21
       Potion            |       |       |     2 |     2 ||     4
Armor: Robe              |    21 |    44 |    50 |    23 ||   138
       Acid dragon scale |       |       |       |   162 ||   162
Dodge: Dodged            |    38 |    89 |    94 |   221 ||   442
Block: Other             |     7 |    34 |    39 |    11 ||    91
       Kite shield       |       |       |       |   403 ||   403

Table legend: (Time is in decaauts)
 A = Elapsed time spent in this place.
 B = Non-inter-level travel time spent in this place.
 C = Inter-level travel time spent in this place.
 D = Time resting spent in this place.
 E = Time spent auto-exploring this place.
 F = Levels seen in this place.
 G = Mean time per level.
                   A        B        C        D        E       F      G
               +--------+--------+--------+--------+--------+-----+--------+
         Total |  10007 |   8950 |   1057 |     90 |   7161 |  13 |  769.8 |
       Dungeon |   8540 |   7551 |    989 |     90 |   6072 |  11 |  776.4 |
          Lair |    979 |    911 |     68 |      0 |    783 |   1 |  979.0 |
      Gauntlet |    487 |    487 |      0 |      0 |    305 |   1 |  487.0 |
               +--------+--------+--------+--------+--------+-----+--------+

Top non-repeatable levels by time:
     D:8: 1031 daAuts
     D:9: 1016 daAuts
  Lair:1: 979 daAuts
     D:7: 965 daAuts
    D:10: 958 daAuts
     D:4: 914 daAuts
     D:5: 855 daAuts
     D:3: 806 daAuts
     D:6: 707 daAuts
    D:11: 657 daAuts
     D:1: 567 daAuts
Gauntlet: 487 daAuts
     D:2: 59 daAuts
